[Event "10e Festival Meurthe et Moselle"]
[Site "Nancy/France"]
[Date "2012.02.20"]
[Round "1"]
[White "Ninov, Nikolai"]
[Black "Adrian, Claude"]
[Result "1-0"]
[ECO "C17"]
[WhiteElo "2515"]
[BlackElo "2271"]
[PlyCount "57"]
[EventDate "2012.??.??"]
[TimeControl "40/5400+30:1800+30"]

1. e4 e6 2. d4 d5 3. Nc3 Bb4 4. e5 c5 5. Bd2 Ne7 6. Nb5 Bxd2+ 7. Qxd2 O-O 8. f4
Nbc6 9. dxc5 Ng6 10. O-O-O f6 11. exf6 Qxf6 12. g3 b6 13. cxb6 axb6 14. Kb1 Ra5
15. Nf3 e5 16. Nxe5 Ngxe5 17. fxe5 Nxe5 18. Be2 Nc4 19. Qxd5+ Be6 20. Qd4 Nd2+
21. Rxd2 Bxa2+ 22. Kc1 Qc6 23. Rf1 Bf7 24. b4 Rxb5 25. Rxf7 Kxf7 26. Qd7+ Qxd7
27. Rxd7+ Ke6 28. Bxb5 Rf5 29. Bd3 1-0

[Event "10e Festival Meurthe et Moselle"]
[Site "Nancy/France"]
[Date "2012.02.20"]
[Round "1"]
[White "Skytte, Rasmus"]
[Black "Bellahcene, Bilel"]
[Result "1-0"]
[ECO "C55"]
[WhiteElo "2388"]
[BlackElo "2328"]
[PlyCount "63"]
[EventDate "2012.??.??"]
[TimeControl "40/5400+30:1800+30"]

1. e4 e5 2. Nf3 Nc6 3. Bc4 Nf6 4. d3 h6 5. c3 d6 6. O-O g6 7. d4 Qe7 8. Bd5 Nd8
9. Re1 c6 10. Bc4 Qc7 11. a4 Be6 12. Nbd2 Be7 13. b3 Bxc4 14. Nxc4 b5 15. Nb2
Ne6 16. Nd3 Nd7 17. Nb4 bxa4 18. d5 cxd5 19. Nxd5 Qc6 20. Rxa4 Nb6 21. Ra2 Nc5
22. Nxe7 Kxe7 23. Ba3 Nbd7 24. Rd2 a5 25. Rd5 Nb6 26. Nxe5 Qc7 27. Nxf7 Kxf7
28. Rxd6 Rhf8 29. Qd4 Nbd7 30. Qd5+ Ke7 31. Bxc5 Nxc5 32. Qe5+ 1-0

[Event "10e Festival Meurthe et Moselle"]
[Site "Nancy/France"]
[Date "2012.02.20"]
[Round "1"]
[White "Dubessay, Bastien"]
[Black "Donchenko, Alexander"]
[Result "1/2-1/2"]
[ECO "D27"]
[WhiteElo "2360"]
[BlackElo "2294"]
[PlyCount "151"]
[EventDate "2012.??.??"]
[TimeControl "40/5400+30:1800+30"]

1. d4 d5 2. c4 dxc4 3. Nf3 Nf6 4. e3 e6 5. Bxc4 c5 6. O-O a6 7. dxc5 Qxd1 8.
Rxd1 Bxc5 9. Nfd2 O-O 10. Nb3 Be7 11. Nc3 b6 12. f3 Bb7 13. e4 Nbd7 14. Be3
Rac8 15. Bf1 Rfd8 16. Rac1 b5 17. a4 b4 18. Na2 Nb8 19. Rxd8+ Rxd8 20. Bc5
Bxc5+ 21. Nxc5 Bc8 22. Nxb4 a5 23. Na2 Kf8 24. Nb3 Bd7 25. Bb5 Bxb5 26. axb5 a4
27. Nc5 Rd4 28. Nc3 Nbd7 29. N5xa4 Ke7 30. Rc2 Ne8 31. Kf2 Rb4 32. b6 Nd6 33.
Ke1 Nc4 34. b7 Nce5 35. Ke2 g5 36. b8=Q Rxb8 37. Nd1 Rb4 38. Nac3 Nc6 39. Ke1
Nd4 40. Rd2 Ne5 41. Kf1 Ke8 42. Na2 Ra4 43. b4 Ndc6 44. Ndc3 Ra3 45. b5 Nc4 46.
Rd3 N6e5 47. Rd4 Rb3 48. Ke2 Rb2+ 49. Kd1 Rxg2 50. Nb4 Rb2 51. Nc6 Ne3+ 52. Kc1
Nxc6 53. Rd3 Ne5 54. Rxe3 Rb4 55. Kc2 Nc4 56. Re1 Na3+ 57. Kd3 Nxb5 58. Nxb5
Rxb5 59. Kc4 Ra5 60. Rh1 Ra3 61. h4 gxh4 62. Rxh4 Rxf3 63. Rxh7 Ke7 64. e5 Kf8
65. Rh1 Kg7 66. Rg1+ Kh6 67. Kd4 Rf4+ 68. Ke3 Rf5 69. Ke4 Rg5 70. Rf1 Rg4+ 71.
Ke3 Kg6 72. Rf6+ Kg7 73. Rf1 Kg6 74. Rf6+ Kg7 75. Rf1 Kg6 76. Rf6+ 1/2-1/2

[Event "10e Festival Meurthe et Moselle"]
[Site "Nancy/France"]
[Date "2012.02.20"]
[Round "1"]
[White "Le Corre, Benjamin"]
[Black "Ravot, Sylvain"]
[Result "0-1"]
[ECO "B80"]
[WhiteElo "2312"]
[BlackElo "2279"]
[PlyCount "154"]
[EventDate "2012.??.??"]
[TimeControl "40/5400+30:1800+30"]

1. e4 c5 2. Nf3 e6 3. d4 cxd4 4. Nxd4 Nf6 5. Nc3 d6 6. Be3 Be7 7. f3 Nc6 8. Qd2
O-O 9. O-O-O d5 10. exd5 Nxd5 11. Nxd5 Qxd5 12. c4 Qd7 13. Nxc6 Qxc6 14. Bd3 e5
15. Qc2 f5 16. Rhe1 Be6 17. Kb1 Rac8 18. Rc1 Qc7 19. c5 Qa5 20. Bc4 Bxc4 21.
Qxc4+ Kh8 22. Red1 Qc7 23. Qa4 Bf6 24. Rd7 Qb8 25. Qb4 b6 26. c6 Rfe8 27. Rb7
Qa8 28. Qd6 Red8 29. Qe6 f4 30. Bf2 e4 31. Be1 Re8 32. Qc4 e3 33. Qa6 Re7 34.
c7 Ree8 35. Qxa7 Qxa7 36. Rxa7 Kg8 37. Ra4 Be5 38. Re4 Kf7 39. g3 g5 40. gxf4
gxf4 41. a4 Re6 42. a5 Rxc7 43. Rxc7+ Bxc7 44. Rc4 Bb8 45. Rb4 Bc7 46. a6 b5
47. a7 Ra6 48. Rxb5 Rxa7 49. Bc3 Bd6 50. Kc2 Ra1 51. Kd3 Rf1 52. Rb7+ Ke6 53.
Rxh7 Rxf3 54. Rh6+ Kd5 55. Rh5+ Kc6 56. Rh6 Kd5 57. Rh5+ Ke6 58. Rh6+ Kd7 59.
Rh7+ Ke8 60. Rh6 Bf8 61. Re6+ Kd7 62. Ra6 Rf2 63. h4 Rh2 64. Ra7+ Ke6 65. Ra6+
Kd5 66. Ra5+ Kc6 67. Ra6+ Kd5 68. Ra5+ Kc6 69. Ra6+ Kd7 70. Ra7+ Ke8 71. Ra8+
Kf7 72. Ra7+ Kg6 73. b4 e2 74. Ra6+ Kh5 75. Re6 Rh3+ 76. Kd2 Rxc3 77. Re5+ Kxh4
0-1

[Event "10e Festival Meurthe et Moselle"]
[Site "Nancy/France"]
[Date "2012.02.20"]
[Round "1"]
[White "Alfred, Nathan S W"]
[Black "Pucher, Sebastien"]
[Result "0-1"]
[ECO "E94"]
[WhiteElo "2288"]
[BlackElo "2239"]
[PlyCount "86"]
[EventDate "2012.??.??"]
[TimeControl "40/5400+30:1800+30"]

1. d4 Nf6 2. Nf3 g6 3. c4 Bg7 4. Nc3 O-O 5. e4 d6 6. Be2 e5 7. O-O exd4 8. Nxd4
Re8 9. f3 Nc6 10. Nxc6 bxc6 11. Bg5 Bd7 12. Qd2 Qb8 13. Rfd1 c5 14. Rac1 Bc6
15. b3 a5 16. Nb5 Nd7 17. a4 Nf8 18. Bh6 Bh8 19. Re1 Ne6 20. Be3 Qb6 21. Kh1
Nd4 22. Bxd4 Bxd4 23. Nxd4 cxd4 24. c5 dxc5 25. Qg5 Qxb3 26. Bc4 Qxa4 27. h4
Bb5 28. Bd5 c6 29. h5 cxd5 30. h6 Ra6 31. exd5 Be2 32. Rxc5 Qd7 33. Qd2 d3 34.
Qc3 f6 35. Rc7 Qd6 36. Rg7+ Kf8 37. Rxh7 Raa8 38. Rc7 Kg8 39. Rg7+ Kh8 40. Rxg6
Re5 41. Rb1 Qxd5 42. Rg7 d2 43. Qc7 Rh5+ 0-1

[Event "10e Festival Meurthe et Moselle"]
[Site "Nancy/France"]
[Date "2012.02.21"]
[Round "2"]
[White "Adrian, Claude"]
[Black "Ravot, Sylvain"]
[Result "0-1"]
[ECO "A20"]
[WhiteElo "2271"]
[BlackElo "2279"]
[PlyCount "76"]
[EventDate "2012.??.??"]
[TimeControl "40/5400+30:1800+30"]

1. c4 e5 2. g3 Nf6 3. Bg2 c6 4. d4 exd4 5. Qxd4 d5 6. cxd5 cxd5 7. Nf3 Nc6 8.
Qa4 Ne4 9. O-O Be6 10. Nc3 Nxc3 11. bxc3 Qa5 12. Qxa5 Nxa5 13. Nd4 Bc5 14. Nb3
Bb6 15. Nxa5 Bxa5 16. Ba3 O-O-O 17. Rab1 Rd7 18. Rb5 b6 19. Rd1 Rhd8 20. Rb2
Bxc3 21. Rc2 Rc7 22. Rdc1 Be5 23. Bb2 d4 24. f4 Rxc2 25. Rxc2+ Bc7 26. a3 Bb3
27. Rd2 b5 28. Kf1 Bb6 29. Be4 g6 30. h4 f5 31. Bf3 h5 32. Bc6 a6 33. Bf3 Kc7
34. Bg2 Bc4 35. Bf3 Bc5 36. Ke1 Kb6 37. e4 fxe4 38. Bxe4 Re8 0-1

[Event "10e Festival Meurthe et Moselle"]
[Site "Nancy/France"]
[Date "2012.02.21"]
[Round "2"]
[White "Pucher, Sebastien"]
[Black "Le Corre, Benjamin"]
[Result "0-1"]
[ECO "B33"]
[WhiteElo "2239"]
[BlackElo "2312"]
[PlyCount "82"]
[EventDate "2012.??.??"]
[TimeControl "40/5400+30:1800+30"]

1. e4 c5 2. Nf3 Nc6 3. d4 cxd4 4. Nxd4 Nf6 5. Nc3 e5 6. Ndb5 d6 7. Bg5 a6 8.
Na3 b5 9. Nd5 Be7 10. Bxf6 Bxf6 11. c4 b4 12. Nc2 O-O 13. h4 a5 14. g3 Be6 15.
Bg2 Rc8 16. b3 g6 17. O-O Bg7 18. Nde3 Ne7 19. Qd3 Qb6 20. Rad1 Rcd8 21. Kh2
Kh8 22. Qe2 f5 23. exf5 gxf5 24. Nd5 Bxd5 25. Bxd5 Nxd5 26. Rxd5 f4 27. g4 Rde8
28. f3 Qd8 29. Kh3 Re6 30. h5 e4 31. fxe4 Qe7 32. Qd3 Rxe4 33. Rf3 Re2 34. Rxa5
Re8 35. Rf5 Qa7 36. R5xf4 Qg1 37. Rf8+ Bxf8 38. Rxf8+ Kg7 39. Rf7+ Kxf7 40.
Qxh7+ Ke6 41. Qf5+ Ke7 0-1

[Event "10e Festival Meurthe et Moselle"]
[Site "Nancy/France"]
[Date "2012.02.21"]
[Round "2"]
[White "Ninov, Nikolai"]
[Black "Dubessay, Bastien"]
[Result "1/2-1/2"]
[ECO "B70"]
[WhiteElo "2515"]
[BlackElo "2360"]
[PlyCount "93"]
[EventDate "2012.??.??"]
[TimeControl "40/5400+30:1800+30"]

1. e4 c5 2. Nf3 d6 3. d4 cxd4 4. Nxd4 Nf6 5. Nc3 a6 6. g3 g6 7. Bg2 Bg7 8. O-O
O-O 9. h3 Nc6 10. Nde2 Nd7 11. a4 Rb8 12. Nd5 b5 13. axb5 axb5 14. c3 Nc5 15.
Nd4 Nxd4 16. cxd4 Na4 17. Qb3 Be6 18. Qb4 Bxd5 19. exd5 Qb6 20. Be3 Qb7 21.
Rfc1 Nb6 22. Qxb5 Nd7 23. Qc6 Rfc8 24. Qxb7 Rxc1+ 25. Rxc1 Rxb7 26. b3 Nf8 27.
Rc3 Rb4 28. Rc7 Bf6 29. Bh6 Rxb3 30. Rc8 Bg7 31. Bg5 f6 32. Be3 Rb4 33. Bf1 f5
34. Rc4 Rb1 35. Kg2 Ra1 36. Rc7 Bf6 37. g4 fxg4 38. hxg4 g5 39. Bd3 Ra5 40. Kf3
Kg7 41. Be4 Ra2 42. Bf5 Kf7 43. Ke4 Ra5 44. Rb7 Ra2 45. Rc7 Ra5 46. Rb7 Ra2 47.
Rc7 1/2-1/2

[Event "10e Festival Meurthe et Moselle"]
[Site "Nancy/France"]
[Date "2012.02.21"]
[Round "2"]
[White "Donchenko, Alexander"]
[Black "Skytte, Rasmus"]
[Result "1/2-1/2"]
[ECO "A31"]
[WhiteElo "2294"]
[BlackElo "2388"]
[PlyCount "125"]
[EventDate "2012.??.??"]
[TimeControl "40/5400+30:1800+30"]

1. d4 Nf6 2. Nf3 c5 3. c4 cxd4 4. Nxd4 e5 5. Nb5 d5 6. cxd5 Bc5 7. N5c3 O-O 8.
e3 e4 9. a3 Qe7 10. b4 Bd6 11. Bb2 Rd8 12. Nd2 Be5 13. Qb3 Bf5 14. Rd1 Nbd7 15.
Nc4 Rac8 16. Be2 Bb8 17. Nb5 a6 18. d6 Qe8 19. Nd4 Be6 20. Nxe6 Qxe6 21. Na5
Qxb3 22. Nxb3 Rc2 23. Rd2 Rxd2 24. Kxd2 Bxd6 25. Kc2 Be5 26. Nd4 Rc8+ 27. Kb3
g6 28. h3 Kf8 29. Rd1 Ke7 30. Bf1 h5 31. Be2 Nh7 32. Rd2 Nhf8 33. Bd1 f5 34.
Be2 Rc7 35. Rd1 Rc8 36. Rh1 Ne6 37. Rd1 Rc7 38. Nxe6 Kxe6 39. Rc1 Rxc1 40. Bxc1
Nb6 41. Bd2 Nd5 42. b5 axb5 43. Bxb5 h4 44. Be8 g5 45. Kc4 Nc7 46. Bh5 b5+ 47.
Kc5 Kd7 48. Kb4 Bd6+ 49. Kb3 Na6 50. Bg6 Ke6 51. Be8 Nc5+ 52. Kc2 Nd3 53. Bxb5
Nxf2 54. Bc4+ Kd7 55. Be1 Nd3 56. Bxd3 exd3+ 57. Kxd3 Bxa3 58. e4 fxe4+ 59.
Kxe4 Ke6 60. g3 hxg3 61. Bxg3 Bb2 62. h4 gxh4 63. Bxh4 1/2-1/2

[Event "10e Festival Meurthe et Moselle"]
[Site "Nancy/France"]
[Date "2012.02.21"]
[Round "2"]
[White "Bellahcene, Bilel"]
[Black "Alfred, Nathan S W"]
[Result "1-0"]
[ECO "E99"]
[WhiteElo "2328"]
[BlackElo "2288"]
[PlyCount "86"]
[EventDate "2012.??.??"]
[TimeControl "40/5400+30:1800+30"]

1. d4 Nf6 2. c4 g6 3. Nc3 Bg7 4. e4 d6 5. Nf3 O-O 6. Be2 Nc6 7. O-O e5 8. d5
Ne7 9. Bd2 Nd7 10. Ne1 f5 11. f3 f4 12. Nd3 Nf6 13. c5 Rf7 14. Rc1 g5 15. Nb5
Ng6 16. Ba5 b6 17. cxd6 cxd6 18. Be1 a6 19. Nc3 h5 20. Nb4 g4 21. Na4 g3 22.
Nc6 Qe8 23. Nxb6 Nh4 24. hxg3 fxg3 25. Bxg3 Ng6 26. Qd2 h4 27. Bh2 Kh7 28. Nxa8
Bh6 29. Qa5 Be3+ 30. Kh1 Bd7 31. Qd8 Bxc6 32. Qxe8 Bxe8 33. Rc7 Ne7 34. f4 Kg8
35. Rc3 Bd4 36. Nc7 Bd7 37. fxe5 Bxc3 38. bxc3 dxe5 39. d6 Nc8 40. Bc4 Nxd6 41.
Bxf7+ Kxf7 42. Bxe5 Ndxe4 43. Nd5 Bc8 1-0

[Event "10e Festival Meurthe et Moselle"]
[Site "Nancy/France"]
[Date "2012.02.21"]
[Round "3"]
[White "Dubessay, Bastien"]
[Black "Adrian, Claude"]
[Result "1/2-1/2"]
[ECO "E10"]
[WhiteElo "2360"]
[BlackElo "2271"]
[PlyCount "61"]
[EventDate "2012.??.??"]
[EventCountry "FRA"]
[TimeControl "40/5400+30:1800+30"]

1. d4 e6 2. c4 Nf6 3. Nf3 c5 4. d5 b5 5. Bg5 exd5 6. cxd5 d6 7. e4 a6 8. a4 Be7
9. Bxf6 Bxf6 10. axb5 Bxb2 11. Ra2 Bf6 12. Bd3 O-O 13. Nbd2 Bb7 14. O-O axb5
15. Rxa8 Bxa8 16. Bxb5 Nd7 17. Qa4 Nb6 18. Qa5 Qc7 19. Nc4 Rb8 20. Rb1 Nxd5 21.
exd5 Qxa5 22. Nxa5 Bxd5 23. Nd2 Ba2 24. Re1 Be6 25. Rb1 Ba2 26. Nc6 Rb6 27. Re1
Be6 28. Ba4 Ra6 29. Bb5 Rb6 30. Ba4 Ra6 31. Rb1 1/2-1/2

[Event "10e Festival Meurthe et Moselle"]
[Site "Nancy/France"]
[Date "2012.02.21"]
[Round "3"]
[White "Ravot, Sylvain"]
[Black "Pucher, Sebastien"]
[Result "1/2-1/2"]
[ECO "B44"]
[WhiteElo "2279"]
[BlackElo "2239"]
[PlyCount "87"]
[EventDate "2012.??.??"]
[EventCountry "FRA"]
[TimeControl "40/5400+30:1800+30"]

1. e4 c5 2. Nf3 e6 3. d4 cxd4 4. Nxd4 Nc6 5. Nb5 d6 6. Bf4 e5 7. Be3 a6 8. N5c3
Nf6 9. Bg5 Be7 10. Bxf6 Bxf6 11. Nd2 O-O 12. Nc4 Be7 13. Nd5 Be6 14. Nxe7+ Qxe7
15. Qxd6 Qh4 16. Ne3 Rfd8 17. Qa3 Qxe4 18. Bd3 Qf4 19. O-O Rd7 20. Qc3 Qd4 21.
Qxd4 Rxd4 22. f3 g6 23. a3 f5 24. Rf2 Rad8 25. Re1 Kf7 26. g4 Kf6 27. gxf5 gxf5
28. Nf1 h5 29. Ng3 h4 30. Ne2 R4d7 31. Rg2 Rg8 32. Rxg8 Bxg8 33. Kf2 Nd4 34.
Rg1 Bf7 35. Nxd4 Rxd4 36. Ke3 Bd5 37. Rf1 Be6 38. f4 Rd8 39. fxe5+ Kxe5 40. Rf4
Rh8 41. Bc4 Bd7 42. Bd3 Be6 43. Bc4 Bd7 44. Bd3 1/2-1/2

[Event "10e Festival Meurthe et Moselle"]
[Site "Nancy/France"]
[Date "2012.02.21"]
[Round "3"]
[White "Alfred, Nathan S W"]
[Black "Donchenko, Alexander"]
[Result "0-1"]
[ECO "D48"]
[WhiteElo "2288"]
[BlackElo "2294"]
[PlyCount "104"]
[EventDate "2012.??.??"]
[EventCountry "FRA"]
[TimeControl "40/5400+30:1800+30"]

1. d4 d5 2. c4 dxc4 3. Nf3 a6 4. e3 Nf6 5. Bxc4 e6 6. O-O c5 7. Bd3 Nbd7 8. Nc3
b5 9. Qe2 Bb7 10. a3 Bd6 11. Rd1 Qb8 12. h3 O-O 13. e4 cxd4 14. Nxd4 Ne5 15.
Bg5 Nfd7 16. Bc2 h6 17. Be3 Nc4 18. Bc1 Rd8 19. b3 Nce5 20. Bb2 Ng6 21. g3 Nf6
22. b4 Ne5 23. Bb3 Bc7 24. Nf3 Nxf3+ 25. Qxf3 Qa7 26. Bc2 Nd7 27. Ne2 Ne5 28.
Qh5 Nc4 29. Bxg7 Kxg7 30. Qg4+ Kf8 31. Qh4 Ke8 32. Qxh6 Be5 33. Nf4 Ke7 34.
Nxe6 fxe6 35. Qh4+ Bf6 36. Qh7+ Kf8 37. Qh6+ Bg7 38. Qxe6 Qb6 39. Qf5+ Qf6 40.
Qc5+ Qe7 41. Qf5+ Qf7 42. Qc5+ Kg8 43. Qg5 Qf6 44. Qh5 Qh6 45. Qxh6 Bxh6 46. f4
Ne3 47. Bb3+ Kf8 48. Rxd8+ Rxd8 49. Kf2 Rd3 50. Re1 Nc4 51. Bxc4 bxc4 52. Re3
Rb3 0-1

[Event "10e Festival Meurthe et Moselle"]
[Site "Nancy/France"]
[Date "2012.02.21"]
[Round "3"]
[White "Skytte, Rasmus"]
[Black "Ninov, Nikolai"]
[Result "1/2-1/2"]
[ECO "B80"]
[WhiteElo "2388"]
[BlackElo "2515"]
[PlyCount "87"]
[EventDate "2012.??.??"]
[EventCountry "FRA"]
[TimeControl "40/5400+30:1800+30"]

1. e4 c5 2. Nf3 d6 3. d4 Nf6 4. Nc3 cxd4 5. Nxd4 e6 6. Qf3 Qb6 7. Bb5+ Bd7 8.
Be3 Qc7 9. O-O a6 10. Bd3 Nc6 11. Qg3 Nh5 12. Qh4 g6 13. Nxc6 bxc6 14. Be2 Be7
15. Bg5 Qd8 16. Bxe7 Qxe7 17. Qxe7+ Kxe7 18. f4 c5 19. g4 Ng7 20. f5 gxf5 21.
exf5 Ne8 22. Rae1 Nf6 23. g5 Rhg8 24. h4 h6 25. fxe6 fxe6 26. Rxf6 hxg5 27. Rh6
gxh4+ 28. Kh2 Raf8 29. Rh7+ Kd8 30. Rf1 Rxf1 31. Bxf1 Rf8 32. Kg1 Rf4 33. Bxa6
d5 34. Bf1 d4 35. Nb5 d3 36. Rh8+ Ke7 37. Rh7+ Kd8 38. Rh8+ Ke7 39. Bxd3 c4 40.
Rh7+ Kd8 41. Rh8+ Ke7 42. Rh7+ Kd8 43. Rh8+ Ke7 44. Rh7+ 1/2-1/2

[Event "10e Festival Meurthe et Moselle"]
[Site "Nancy/France"]
[Date "2012.02.21"]
[Round "3"]
[White "Le Corre, Benjamin"]
[Black "Bellahcene, Bilel"]
[Result "0-1"]
[ECO "B30"]
[WhiteElo "2312"]
[BlackElo "2328"]
[PlyCount "140"]
[EventDate "2012.??.??"]
[EventCountry "FRA"]
[TimeControl "40/5400+30:1800+30"]

1. e4 c5 2. Nf3 Nc6 3. Bb5 Nf6 4. Nc3 Qc7 5. O-O Nd4 6. Re1 a6 7. Bf1 e5 8. Bc4
d6 9. Ng5 Bg4 10. Nd5 Nxd5 11. Qxg4 Nf6 12. Qd1 h6 13. Nf3 b5 14. Bf1 Be7 15.
a4 Rb8 16. axb5 axb5 17. c3 Nxf3+ 18. Qxf3 O-O 19. Rd1 Qc6 20. d3 b4 21. Be3
bxc3 22. bxc3 Rb3 23. c4 Nh7 24. Bd2 Bg5 25. Be1 Ra8 26. g3 Rba3 27. Rab1 Bd8
28. Bh3 Ng5 29. Qg2 g6 30. f4 exf4 31. gxf4 Nxh3+ 32. Qxh3 Kh7 33. Bh4 Bxh4 34.
Qxh4 Qd7 35. Rb2 Ra1 36. Rxa1 Rxa1+ 37. Kg2 Rd1 38. Qg3 Qe6 39. Rf2 Qf6 40. Qf3
Qa1 41. e5 Rg1+ 42. Kh3 Kg7 43. Qe3 Qd1 44. Qe2 Re1 45. Qxd1 Rxd1 46. Rf3 dxe5
47. fxe5 Re1 48. d4 cxd4 49. Rd3 Rxe5 50. Rxd4 Re2 51. Rd8 Rc2 52. Rc8 g5 53.
c5 Kg6 54. Kg3 f5 55. c6 Kh5 56. c7 Rc3+ 57. Kg2 Kg4 58. Kf2 h5 59. Ke2 h4 60.
Kf2 Kf4 61. h3 Rc6 62. Ke2 Re6+ 63. Kf2 Re7 64. Kg2 Re2+ 65. Kf1 Rc2 66. Ke1
Kg3 67. Rg8 Rxc7 68. Rxg5+ Kf4 69. Ke2 {Kg3# Ke1+ Kf4 Rg8} Rc3 {Rf8 Rxh3} 70.
Kf2 {Rh2+ Kg1 Ra2 Rb8 Kg4 Rb4+ f4 Kf1 Kg3 Rb1 f3} Rc1 {Rh2 0-1 (70) Le Corre,B
(2312)-Bellahcene,B (2328) Nancy/France 2012 [Robot 9]} 0-1

[Event "10e Festival Meurthe et Moselle"]
[Site "Nancy/France"]
[Date "2012.02.22"]
[Round "4"]
[White "Ninov, Nikolai"]
[Black "Alfred, Nathan S W"]
[Result "1-0"]
[ECO "C14"]
[WhiteElo "2515"]
[BlackElo "2288"]
[PlyCount "91"]
[EventDate "2012.??.??"]
[TimeControl "40/5400+30:1800+30"]

1. e4 e6 2. d4 d5 3. Nc3 Nf6 4. Bg5 Be7 5. e5 Nfd7 6. Bxe7 Qxe7 7. f4 a6 8. Nf3
c5 9. dxc5 Qxc5 10. Qd4 Nc6 11. Qxc5 Nxc5 12. a3 f6 13. exf6 gxf6 14. Rd1 O-O
15. f5 Re8 16. fxe6 Bxe6 17. Be2 Rad8 18. Nd4 Kg7 19. O-O Ne4 20. Nxe6+ Rxe6
21. Nxd5 Ng3 22. Bg4 Re5 23. hxg3 Rexd5 24. Rxd5 Rxd5 25. Bf3 Rc5 26. c3 a5 27.
a4 b6 28. Bxc6 Rxc6 29. Rd1 Kg6 30. Kf2 Rc5 31. Rd4 b5 32. axb5 Rxb5 33. b4
axb4 34. cxb4 h5 35. Ke2 Rb8 36. Kd3 f5 37. Kc4 Rc8+ 38. Kb3 Rb8 39. Rd5 Kg5
40. b5 Kg4 41. Kc4 Rc8+ 42. Kb3 Rb8 43. Kb4 Rf8 44. Rd3 f4 45. Rf3 h4 46. Rxf4+
1-0

[Event "10e Festival Meurthe et Moselle"]
[Site "Nancy/France"]
[Date "2012.02.22"]
[Round "4"]
[White "Dubessay, Bastien"]
[Black "Skytte, Rasmus"]
[Result "1/2-1/2"]
[ECO "A57"]
[WhiteElo "2360"]
[BlackElo "2388"]
[PlyCount "102"]
[EventDate "2012.??.??"]
[TimeControl "40/5400+30:1800+30"]

1. d4 Nf6 2. c4 c5 3. d5 b5 4. cxb5 a6 5. e3 g6 6. Nc3 Bg7 7. a4 O-O 8. Nf3 d6
9. e4 e6 10. dxe6 Bxe6 11. Ng5 Bg4 12. f3 Bc8 13. Bc4 h6 14. Nxf7 Rxf7 15. e5
Qe7 16. Qxd6 Qxd6 17. exd6 Ne8 18. Bd5 Raa7 19. b6 Rad7 20. Bf4 Bb7 21. Bxf7+
Kxf7 22. O-O-O Nc6 23. Ne4 Bd4 24. Rhe1 Na5 25. Kc2 Bxe4+ 26. Rxe4 Nc6 27. Bxh6
Nxd6 28. Rf4+ Kg8 29. Rf8+ Kh7 30. Bf4 Nc4 31. a5 N6xa5 32. Ra8 Nc6 33. Kb1
Nxb6 34. Rxa6 Rb7 35. Bd2 Nb8 36. Ra2 Nc4 37. Kc2 Nc6 38. Re1 Nxd2 39. Kxd2
Bxb2 40. Re4 Bd4 41. Rc2 Rd7 42. Kc1 Kg7 43. h4 Ra7 44. g4 Ra1+ 45. Kd2 Nb4 46.
Rc4 Ra2+ 47. Kd1 Nd3 48. Rexd4 cxd4 49. Rxd4 Ne5 50. h5 gxh5 51. gxh5 Nxf3
1/2-1/2

[Event "10e Festival Meurthe et Moselle"]
[Site "Nancy/France"]
[Date "2012.02.22"]
[Round "4"]
[White "Bellahcene, Bilel"]
[Black "Ravot, Sylvain"]
[Result "1-0"]
[ECO "D36"]
[WhiteElo "2328"]
[BlackElo "2279"]
[PlyCount "119"]
[EventDate "2012.??.??"]
[TimeControl "40/5400+30:1800+30"]

1. d4 Nf6 2. c4 e6 3. Nc3 d5 4. cxd5 exd5 5. Bg5 Be7 6. Qc2 c6 7. e3 O-O 8. Bd3
h6 9. Bh4 Re8 10. Nf3 Ne4 11. Bxe7 Qxe7 12. O-O Nxc3 13. bxc3 Nd7 14. Rfe1 Nf6
15. Ne5 c5 16. Bb5 Rd8 17. a4 Qc7 18. Bd3 Bd7 19. a5 Be8 20. Qb2 Rab8 21. h3 g6
22. Reb1 cxd4 23. cxd4 Rdc8 24. Ra3 Qd8 25. Rb3 Qxa5 26. Ra1 Qc7 27. Rxa7 Qc1+
28. Kh2 Qxb2 29. Rxb2 b5 30. Rb4 Rb6 31. Kg3 Rcb8 32. f3 R6b7 33. Ra3 Kf8 34.
Be2 Rb6 35. Nd3 Bc6 36. Nc5 Nh5+ 37. Kf2 Nf6 38. Bd3 Nd7 39. Nxd7+ Bxd7 40. e4
Ke7 41. Ke3 Kd6 42. e5+ Kc7 43. f4 h5 44. Rc3+ Rc6 45. Ra3 Rcb6 46. h4 f5 47.
Kd2 R8b7 48. Kc2 Rb8 49. Kb2 R8b7 50. Bc2 Rb8 51. Bb3 Be6 52. Ba2 Bf7 53. Ra5
R8b7 54. Kb1 Rb8 55. Rb2 R8b7 56. Kc2 Be6 57. Kb3 Rc6 58. Kb4 Rc1 59. Bb3 Kc6
60. Rc2+ 1-0

[Event "10e Festival Meurthe et Moselle"]
[Site "Nancy/France"]
[Date "2012.02.22"]
[Round "4"]
[White "Donchenko, Alexander"]
[Black "Le Corre, Benjamin"]
[Result "0-1"]
[ECO "E68"]
[WhiteElo "2294"]
[BlackElo "2312"]
[PlyCount "56"]
[EventDate "2012.??.??"]
[TimeControl "40/5400+30:1800+30"]

1. d4 Nf6 2. c4 g6 3. g3 Bg7 4. Bg2 O-O 5. Nf3 d6 6. Nc3 Nbd7 7. O-O e5 8. e4
exd4 9. Nxd4 Re8 10. Re1 a6 11. h3 Rb8 12. Be3 c5 13. Nc2 Ne5 14. b3 b5 15. f4
Ned7 16. Qxd6 b4 17. e5 bxc3 18. exf6 Rb6 19. Qd3 Bxf6 20. Rad1 Rbe6 21. Bf2
Rxe1+ 22. Bxe1 Qa5 23. a3 Nf8 24. b4 cxb4 25. axb4 Qa4 26. Nd4 Re3 27. Bc6 Rxd3
28. Bxa4 Bxd4+ 0-1

[Event "10e Festival Meurthe et Moselle"]
[Site "Nancy/France"]
[Date "2012.02.22"]
[Round "4"]
[White "Adrian, Claude"]
[Black "Pucher, Sebastien"]
[Result "1-0"]
[ECO "E63"]
[WhiteElo "2271"]
[BlackElo "2239"]
[PlyCount "110"]
[EventDate "2012.??.??"]
[TimeControl "40/5400+30:1800+30"]

1. c4 g6 2. Nf3 Bg7 3. d4 Nf6 4. g3 O-O 5. Bg2 d6 6. O-O Nc6 7. Nc3 a6 8. Re1
Rb8 9. Rb1 e5 10. d5 Ne7 11. e4 Nd7 12. b4 f5 13. exf5 gxf5 14. Ng5 Nf6 15. c5
Ne8 16. Qb3 h6 17. Ne6 Bxe6 18. dxe6 c6 19. cxd6 Nxd6 20. Rd1 Qc7 21. Be3 b6
22. Rbc1 f4 23. gxf4 exf4 24. Bd4 Bxd4 25. Rxd4 Kh8 26. Kh1 Ndf5 27. Re4 Rbd8
28. Ne2 Qd6 29. Nxf4 Qd2 30. Rg1 Qxf2 31. Qc3+ Kh7 32. Nd3 Qxa2 33. Rg4 Qxe6
34. Be4 Qf6 35. Ne5 Rg8 36. Qg3 Rxg4 37. Nxg4 Qe6 38. Qf4 Rd4 39. Bxf5+ Nxf5
40. Qc7+ Ne7 41. h3 Qd5+ 42. Rg2 Rd1+ 43. Kh2 Qd6+ 44. Qxd6 Rxd6 45. Ra2 Nd5
46. Rxa6 b5 47. Ne5 Nxb4 48. Ra7+ Kg8 49. Kg3 Nd3 50. Ng4 c5 51. Kf3 c4 52. Rc7
Nb2 53. Ke4 b4 54. Ke5 Ra6 55. Nf6+ Kf8 1-0

[Event "10e Festival Meurthe et Moselle"]
[Site "Nancy/France"]
[Date "2012.02.23"]
[Round "5"]
[White "Skytte, Rasmus"]
[Black "Adrian, Claude"]
[Result "1-0"]
[ECO "C05"]
[WhiteElo "2388"]
[BlackElo "2271"]
[PlyCount "61"]
[EventDate "2012.??.??"]
[TimeControl "40/5400+30:1800+30"]

1. e4 e6 2. d4 d5 3. Nd2 Nf6 4. Bd3 c5 5. c3 Nc6 6. Ngf3 cxd4 7. cxd4 dxe4 8.
Nxe4 Nxe4 9. Bxe4 Bb4+ 10. Bd2 Qa5 11. O-O Bxd2 12. Bxc6+ bxc6 13. Nxd2 O-O 14.
Qc2 Rb8 15. b3 Rd8 16. Nf3 Bb7 17. Rfc1 h6 18. a3 c5 19. dxc5 Bxf3 20. b4 Qc7
21. gxf3 Rd5 22. Rd1 Rg5+ 23. Kh1 a5 24. Qe4 Re5 25. Rd7 Rxe4 26. Rxc7 Rf4 27.
c6 axb4 28. Rb7 Rc8 29. Rc1 bxa3 30. c7 Ra4 31. Rb8 1-0

[Event "10e Festival Meurthe et Moselle"]
[Site "Nancy/France"]
[Date "2012.02.23"]
[Round "5"]
[White "Le Corre, Benjamin"]
[Black "Ninov, Nikolai"]
[Result "1-0"]
[WhiteElo "2312"]
[BlackElo "2515"]
[PlyCount "61"]
[EventDate "2012.??.??"]
[TimeControl "40/5400+30:1800+30"]

1. e4 c5 2. Nf3 g6 3. d4 cxd4 4. Nxd4 Bg7 5. c4 Qb6 6. Nb3 d6 7. Be3 Qd8 8. Qd2
Nf6 9. f3 Nc6 10. h4 h5 11. Nc3 b6 12. Be2 Ba6 13. a4 O-O 14. O-O Nd7 15. Nd4
Nxd4 16. Bxd4 Nc5 17. Bxg7 Kxg7 18. Rad1 Rc8 19. f4 e5 20. f5 Qxh4 21. Qxd6 Qf6
22. Qd2 Bb7 23. Qe3 g5 24. b4 Na6 25. Rd6 Nxb4 26. Rxf6 Kxf6 27. Qd2 Rfd8 28.
Nd5+ Bxd5 29. exd5 Nc6 30. Qb2 Nd4 31. Rd1 1-0

[Event "10e Festival Meurthe et Moselle"]
[Site "Nancy/France"]
[Date "2012.02.23"]
[Round "5"]
[White "Alfred, Nathan S W"]
[Black "Dubessay, Bastien"]
[Result "1-0"]
[ECO "D83"]
[WhiteElo "2288"]
[BlackElo "2360"]
[PlyCount "78"]
[EventDate "2012.??.??"]
[TimeControl "40/5400+30:1800+30"]

1. d4 Nf6 2. c4 g6 3. Nc3 d5 4. Bf4 Bg7 5. e3 O-O 6. Rc1 dxc4 7. Bxc4 c5 8.
dxc5 Qa5 9. Nf3 Qxc5 10. Bb3 Nc6 11. O-O Qa5 12. h3 Bf5 13. Ng5 Rad8 14. Bxf7+
Rxf7 15. Qb3 Nd5 16. Nxf7 Kxf7 17. Nxd5 Qxd5 18. Qxb7 Ne5 19. Rc7 Qxb7 20. Rxb7
a6 21. Bg5 Bf8 22. Ra7 Rc8 23. Rd1 Rc2 24. b4 Nc6 25. Rb7 Rxa2 26. Rc1 Nd8 27.
Ra7 Ne6 28. Bh4 Bd3 29. Rc8 Rb2 30. Rb8 Bb5 31. Bxe7 Bxe7 32. Rbb7 Rxb4 33.
Rxe7+ Kf6 34. f4 Nc5 35. Rxh7 Bc4 36. Rac7 Nd3 37. Rc6+ Kf5 38. Re7 Nxf4 39.
exf4 Kxf4 1-0